 Dungeon Crawl Stone Soup version 0.29-a0-284-gf9362112df (webtiles) character file.

Game seed: 13512089784231981089

2452 dracfodder the Basher (level 9, -1/55 HPs)
             Began as a Gargoyle Berserker on Mar 28, 2022.
             Was a Priest of Trog.
             Engulfed by a cloud of steam (11 damage)
             ... on level 7 of the Dungeon.
             The game lasted 00:19:42 (6555 turns).

dracfodder the Basher (Gargoyle Berserker)          Turns: 6555, Time: 00:19:43

Health: -1/55      AC: 23    Str: 26    XL:     9   Next: 50%
Magic:  9/9        EV: 13    Int:  7    God:    Trog [***...]
Gold:   263        SH:  5    Dex: 15    Spells: 8/8 levels left

rFire   . . .      SeeInvis .   a - +2 flail (protect)
rCold   + . .      Faith    .   i - +0 buckler
rNeg    + . .      Spirit   .   m - +2 leather armour {rC+}
rPois   ∞          Reflect  .   w - +0 helmet
rElec   +          Harm     .   j - +0 cloak
rCorr   .          Rampage  .   y - +0 pair of gloves
Will    .....                   e - +0 pair of boots
Stlth   ++........              (no amulet)
HPRegen 0.18/turn               f - +6 ring of dexterity
MPRegen 0.11/turn               t - ring of flight

@: under a protective aura, flying
A: sickness immunity, AC +6, negative energy resistance 1, electricity
resistance, torment resistance 1, petrification resistance
a: Renounce Religion, Berserk, Trog's Hand


You were on level 7 of the Dungeon.
You worshipped Trog.
Trog was most pleased with you.
You visited 1 branch of the dungeon, and saw 7 of its levels.

You collected 263 gold pieces.

Inventory:

Hand Weapons
 a - a +2 flail of protection (weapon)
 b - a +3 hunting sling of flaming
Missiles
 h - a throwing net
Armour
 e - a +0 pair of boots (worn)
 i - a +0 buckler (worn)
 j - a +0 cloak (worn)
 m - a +2 leather armour of cold resistance (worn)
 w - a +0 helmet (worn)
 y - a +0 pair of gloves (worn)
Jewellery
 f - a +6 ring of dexterity (left hand)
 o - a ring of positive energy
 t - a ring of flight (right hand)
Wands
 l - a wand of flame (20)
 u - a wand of acid (4)
 v - a wand of polymorph (6)
Scrolls
 c - 3 scrolls of identify
 g - 4 scrolls of teleportation
 s - a scroll of magic mapping {unknown}
 z - a scroll of immolation {unknown}
Potions
 d - a potion of heal wounds
 k - a potion of lignification {unknown}
 n - 2 potions of haste
 p - a potion of cancellation {unknown}
 q - a potion of curing {unknown}
 r - a potion of might
 x - a potion of berserk rage


   Skills:
 + Level 6.2 Fighting
 + Level 8.3 Maces & Flails
 + Level 3.0 Slings
 + Level 4.5 Armour
 + Level 4.4 Dodging
 + Level 3.1 Stealth
 + Level 3.4 Shields


You had 8 spell levels left.
You didn't know any spells.
Your spell library was empty.

Dungeon Overview and Level Annotations

Branches:
Dungeon (7/15)             Temple (0/1) D:5

Altars:
Ru
The Shining One

Shops:
D:1 *


Innate Abilities, Weirdness & Mutations

You are immune to sickness and miasma.
Your stone body is resilient. (AC +6)
You are immune to poison.
You resist negative energy. (rN+)
You are resistant to electric shocks. (rElec)
You are resistant to unholy torment.
You are immune to petrification.


Message History

You hit the steam dragon.
The steam dragon is heavily wounded.
You are engulfed in a cloud of scalding steam.
Your skin stops crawling.
You feel less strong-willed. The steam dragon barely misses you.
The steam dragon claws you but does no damage.
You completely miss the steam dragon.
The steam dragon is heavily wounded.
You are engulfed in a cloud of scalding steam.
The steam dragon closely misses you. The steam dragon barely misses you.
You closely miss the steam dragon.
The steam dragon is heavily wounded.
The steam dragon breathes steam at you. The ball of steam hits you!
You thump the steam dragon!
The steam dragon is almost dead.
You are engulfed in a cloud of scalding steam.
The steam dragon barely misses you.
The steam dragon claws you but does no damage.
You hit the steam dragon.
The steam dragon is almost dead.
You are engulfed in a cloud of scalding steam.
The steam dragon breathes steam at you. The ball of steam misses you.
You hit the steam dragon.
The steam dragon is almost dead.
You are engulfed in a cloud of scalding steam.
The steam dragon barely misses you. The steam dragon closely misses you.
You closely miss the steam dragon.
The steam dragon is almost dead.
You are engulfed in a cloud of scalding steam.
* * * LOW HITPOINT WARNING * * *
The steam dragon bites you.
* * * LOW HITPOINT WARNING * * *
You block the steam dragon's attack. x2; The steam dragon misses you.
You hit the steam dragon.
You kill the steam dragon!
Trog accepts your kill.
You are engulfed in a cloud of scalding steam.
You die...

#.# #.##.# #.##.#
#.##.# #.##.#
#######.##.####
#.............####
#§#####....#).=...
#@# #....)).....
#.# ###..##..##.
#.# #.###..... #.#
#.# #..### #.#
#.###..# #.#
##.#....### #..
........... ....
.#..#...### ##...
...##...##


There were no monsters in sight!

Vanquished Creatures
  An ugly thing (D:7)
  An unseen horror (D:7)
  A wyvern (D:7)
  A steam dragon (D:7)
  2 orc warriors
  A water moccasin (D:6)
  2 black bears
  An ice beast (D:5)
  2 phantoms (D:4)
  A necrophage (D:7)
  4 scorpions
  Crazy Yiuf (D:3)
  2 hounds
  2 gnoll shamans (D:5)
  2 iguanas
  4 orc wizards
  Robin (D:3)
  7 gnolls (D:5)
  10 adders
  2 shadow imps
  An ufetubus (D:5)
  3 worms
  2 dart slugs
  13 orcs
  5 ball pythons
  8 endoplasms
  2 giant cockroaches
  22 goblins
  6 hobgoblins
  12 jackals
  9 kobolds
  2 quokkas (D:1)
  10 bats
  4 frilled lizards
  7 rats
154 creatures vanquished.

Notes
Turn   | Place    | Note
-------+----------+-------------------------------------------
     0 | D:1      | dracfodder the Gargoyle Berserker began the quest for the
                  | Orb.
     0 | D:1      | Reached XP level 1. HP: 14/14 MP: 1/1
    65 | D:1      | Reached XP level 2. HP: 11/19 MP: 2/2
   261 | D:1      | Found Xoam Mor's Assorted Antiques.
   928 | D:1      | Reached XP level 3. HP: 21/23 MP: 3/3
  1283 | D:1      | Reached ** piety under Trog
  1757 | D:2      | Reached XP level 4. HP: 29/29 MP: 4/4
  1853 | D:2      | Reached skill level 4 in Maces & Flails
  2580 | D:3      | Reached skill level 1 in Stealth
  2682 | D:3      | Reached *** piety under Trog
  2768 | D:3      | Noticed a black bear
  2782 | D:3      | Killed a black bear
  2783 | D:3      | Reached XP level 5. HP: 33/33 MP: 5/5
  3088 | D:3      | Reached XP level 6. HP: 38/38 MP: 6/6
  3221 | D:3      | Found a runed translucent door.
  3222 | D:3      | Noticed Crazy Yiuf
  3361 | D:3      | Reached skill level 5 in Maces & Flails
  3454 | D:3      | Noticed Robin
  3495 | D:3      | Killed Robin
  3843 | D:3      | Killed Crazy Yiuf
  3943 | D:4      | Identified the +1 leather armour "Lyrchon" {Drain rF+
                  | rCorr}
  3943 | D:4      | Noticed a black bear
  3950 | D:4      | Killed a black bear
  4094 | D:4      | Noticed an orc warrior
  4112 | D:4      | Killed an orc warrior
  4113 | D:4      | Reached skill level 1 in Shields
  4113 | D:4      | Reached XP level 7. HP: 24/44 MP: 7/7
  4733 | D:5      | Entered Level 5 of the Dungeon
  4844 | D:5      | Reached skill level 5 in Fighting
  4844 | D:5      | Reached skill level 6 in Maces & Flails
  4978 | D:5      | Reached XP level 8. HP: 18/49 MP: 8/8
  5590 | D:5      | Found a staircase to the Ecumenical Temple.
  5677 | D:6      | Found a glowing golden altar of the Shining One.
  5696 | D:6      | Reached skill level 1 in Slings
  5822 | D:6      | Reached skill level 7 in Maces & Flails
  5834 | D:6      | Found a sacrificial altar of Ru.
  6052 | D:6      | Reached **** piety under Trog
  6302 | D:7      | Noticed a wyvern
  6314 | D:7      | Killed a wyvern
  6358 | D:7      | Killed an unseen horror
  6359 | D:7      | Reached XP level 9. HP: 38/55 MP: 9/9
  6522 | D:7      | Noticed a cyan ugly thing
  6541 | D:7      | Killed a cyan ugly thing
  6542 | D:7      | Reached skill level 8 in Maces & Flails
  6555 | D:7      | Engulfed by a cloud of steam

Illustrated notes

Levels and vault maps discovered:
D:1:      dpeg_arrival_central, layout_loops_corners, serial_shops, shop
D:2:      layout_basic
D:3:      kennysheep_goblin_castle, layout_rooms,
          nicolae_overflow_hidden_temple, uniq_crazy_yiuf_cottage
D:4:      layout_basic
D:5:      layout_gridville, minmay_temple_entry_hall, feat_on_display
D:6:      layout_cave_pools, overflow_temple_1_default,
          mainiacjoe_overflow_small_starburst, grunt_decor_arrowhead
D:7:      layout_loops_ring, amcnicky_altar_gilded, kb_rosetta, uniq_maggie

Skill      XL: |  1  2  3  4  5  6  7  8  9 |
---------------+----------------------------+-----
Dodging        | 2 3 4 |  4.4
Maces & Flails | 4 5 6 7 8 |  8.3
Fighting       | 4 5 6 |  6.2
Stealth        | 1 2 3 |  3.1
Armour         | 3 4 |  4.5
Shields        | 1 2 3 |  3.4
Slings         | 3 |  3.0

Action                   |  1- 3 |  4- 6 |  7- 9 || total
-------------------------+-------+-------+-------++-------
Melee: Mace              |   115 |   202 |       ||   317
       Punch             |       |     1 |       ||     1
       Flail             |       |    29 |   212 ||   241
 Fire: Hunting sling     |       |    11 |    13 ||    24
Invok: Berserk           |       |     4 |     3 ||     7
       Trog's Hand       |       |     1 |     5 ||     6
  Use: Scroll            |     3 |       |    13 ||    16
       Potion            |       |       |     1 ||     1
 Stab: Sleeping          |     3 |     3 |     3 ||     9
Armor: Animal skin       |    44 |       |       ||    44
       Leather armour    |    11 |   157 |   138 ||   306
Dodge: Dodged            |    87 |   220 |   126 ||   433
Block: Buckler           |       |    30 |    51 ||    81

Table legend: (Time is in decaauts)
 A = Elapsed time spent in this place.
 B = Non-inter-level travel time spent in this place.
 C = Inter-level travel time spent in this place.
 D = Time resting spent in this place.
 E = Time spent auto-exploring this place.
 F = Levels seen in this place.
 G = Mean time per level.
                   A        B        C        D        E       F      G
               +--------+--------+--------+--------+--------+-----+--------+
         Total |   6722 |   6550 |    172 |    288 |   4808 |   7 |  960.3 |
       Dungeon |   6722 |   6550 |    172 |    288 |   4808 |   7 |  960.3 |
               +--------+--------+--------+--------+--------+-----+--------+

Top non-repeatable levels by time:
     D:1: 1522 daAuts
     D:3: 1471 daAuts
     D:2: 1029 daAuts
     D:5: 951 daAuts
     D:4: 828 daAuts
     D:6: 611 daAuts
     D:7: 307 daAuts
